 Dungeon Crawl Stone Soup version 0.28-a0-1447-ga5a8893891 (webtiles) character file.

Game seed: 16415899228356330465

182 Hasart the Ducker (level 5, -1/37 HPs)
             Began as an Octopode Fighter on Jan 10, 2022.
             Slain by an orc wizard (2 damage)
             ... on level 1 of the Dungeon.
             The game lasted 00:02:00 (1587 turns).

Hasart the Ducker (Octopode Fighter)                Turns: 1587, Time: 00:02:00

Health: -1/37      AC:  1    Str: 18    XL:     5   Next: 62%
Magic:  5/5        EV: 13    Int: 10    God:
Gold:   42         SH:  4    Dex: 11    Spells: 4/4 levels left

rFire   . . .      SeeInvis .   a - +0 trident
rCold   . . .      Faith    .   b - +0 buckler
rNeg    . . .      Spirit   .   (helmet restricted)
rPois   .          Reflect  .   (no amulet)
rElec   .          Harm     .   (no ring)
rCorr   .          Rampage  .   (no ring)
Will    .....                   (no ring)
Stlth   ++........              (no ring)
HPRegen 0.12/turn               (no ring)
MPRegen 0.09/turn               (no ring)
                                (no ring)
                                (no ring)

@: no status effects
A: almost no armour, amphibious, 8 rings, camouflage 1, gelatinous body 1,
(nimble swimmer 1), tentacles
a: no special abilities


You were on level 1 of the Dungeon.
You visited 1 branch of the dungeon, and saw 2 of its levels.

You collected 42 gold pieces.

Inventory:

Hand Weapons
 a - a +0 trident (weapon)
Missiles
 i - 26 poisoned darts (quivered)
Armour
 b - a +0 buckler (worn)
Scrolls
 d - a scroll of enchant armour {unknown}
 e - a scroll of teleportation {unknown}
 h - a scroll of fear {unknown}
 j - a scroll of enchant weapon {unknown}
Potions
 c - a potion of might
 f - a potion of degeneration {unknown}
 g - a potion of heal wounds {unknown}


   Skills:
 + Level 3.7 Fighting
 * Level 3.6 Polearms
 + Level 1.4 Throwing
 + Level 3.7 Dodging
 + Level 3.6 Shields


You had 4 spell levels left.
You didn't know any spells.
Your spell library contained the following spells:

 Spells                   Type           Power      Damage    Failure   Level
 Dazzling Flash           Conj/Hex       0%         N/A       83%         3
 Iskenderun's Mystic Bla  Conj/Tloc      0%         2d3       99%         4
 Starburst                Conj/Fire      0%         6d3       100%        6


Dungeon Overview and Level Annotations

Branches:
Dungeon (2/15)

Altars:

Shops:
D:1 [


Innate Abilities, Weirdness & Mutations

You cannot wear most types of armour.
You are amphibious.
You can wear up to eight rings at the same time.
Your skin changes colour to match your surroundings (Stealth+).
Your rubbery body absorbs attacks. (AC +1, EV +1)
((You are camouflaged when in or above water. (Stealth+)))
You have tentacles for arms and can constrict up to eight enemies at once.


Message History

You barely miss the bat. Your grab misses the bat. You squeeze the bat.
You kill the bat!
The bat hits you.
The orc wizard casts a spell.
The orc wizard flickers and vanishes!
A jackal comes into view.
Something hits you.
You hear some strange, mumbled words.
Something tries to affect you, but you resist.
The bat hits you but does no damage. The bat barely misses you.
The bat closely misses you. x2
The bat hits you.
There is a stone staircase leading up here.
You block the bat's attack. Something hits you.
You climb upwards.
Reactivating autopickup.
There is a stone staircase leading down here.
Deactivating autopickup; reactivate with Ctrl-A.
You miss something. You tentacle-slap something. Something hits you.
You miss something.
You hear some strange, mumbled words.
You are confused.
Something hits you.
* * * LOW HITPOINT WARNING * * *
You bump into the rock wall.
Something hits you but does no damage. Something hits you.
* * * LOW HITPOINT WARNING * * *
You bump into the rock wall.
Something hits you.
* * * LOW HITPOINT WARNING * * *
You feel less confused.
Okay, then.
You closely miss something. Something hits you but does no damage.
You closely miss something. Something hits you.
* * * LOW HITPOINT WARNING * * *
You miss something. Something barely misses you.
You miss something. Something hits you.
* * * LOW HITPOINT WARNING * * *
Something hits you.
You die...

########.....###'## #.#
##...##........'.# #.#
##.#.###.....###'## #.# ##.#.#
##...###...## #.#
##.#.#####.##'..<..# #.#
#..#.#...#'#.##...###########.#
#.....†..##.####.##...........#
####.#....### #'#..###########
#...........####@#.......#
..............##.#>.####.#
###########.#.##....# #.# #
#.#.####..# #.# # #.#.......#
#.# ###########.##....#.# #.#
..>.......#....#.##.# #.#
#########.###.....#.# #.# #
#.###.......# #.#


There were no monsters in sight!

Vanquished Creatures
  Sigmund (D:2)
  5 ball pythons
  5 bats
  A giant cockroach (D:1)
  3 hobgoblins
  2 jackals (D:1)
  2 kobolds (D:1)
  A quokka (D:1)
  2 frilled lizards (D:1)
  3 rats
25 creatures vanquished.

Notes
Turn   | Place    | Note
-------+----------+-------------------------------------------
     0 | D:1      | Hasart the Octopode Fighter began the quest for the Orb.
     0 | D:1      | Reached XP level 1. HP: 16/16 MP: 1/1
   250 | D:1      | Reached XP level 2. HP: 12/21 MP: 2/2
   575 | D:1      | Found Tegherav's Armour Boutique.
  1273 | D:2      | Noticed Sigmund
  1282 | D:2      | Killed Sigmund
  1283 | D:2      | Reached skill level 1 in Throwing
  1283 | D:2      | Reached XP level 3. HP: 4/27 MP: 3/3
  1283 | D:2      | Reached XP level 4. HP: 5/33 MP: 4/4
  1283 | D:2      | Reached XP level 5. HP: 6/37 MP: 5/5
  1585 | D:1      | HP: 1/37 [something (1)]
  1587 | D:1      | Slain by an orc wizard

Illustrated notes

Levels and vault maps discovered:
D:1:      dpeg_arrival_rhombi, layout_basic, serial_shops, shop_statue
D:2:      layout_rooms, hangedman_feature_mirror, uniq_sigmund

Skill      XL: |  1  2 |
---------------+-------+-----
Polearms       | 3 |  3.6
Throwing       | 1 |  1.4
Fighting       | |  3.7
Dodging        | |  3.7
Shields        | |  3.6

Action                   |  1- 3 |  4- 6 || total
-------------------------+-------+-------++-------
Melee: Trident           |    45 |    14 ||    59
       Constrict         |     8 |     1 ||     9
       Tentacles         |     5 |     2 ||     7
       Punch             |       |     1 ||     1
 Stab: Sleeping          |     5 |       ||     5
Armor: Skin              |     5 |     3 ||     8
Dodge: Dodged            |    29 |     9 ||    38
Block: Buckler           |    12 |     1 ||    13

Table legend: (Time is in decaauts)
 A = Elapsed time spent in this place.
 B = Non-inter-level travel time spent in this place.
 C = Inter-level travel time spent in this place.
 D = Time resting spent in this place.
 E = Time spent auto-exploring this place.
 F = Levels seen in this place.
 G = Mean time per level.
                   A        B        C        D        E       F      G
               +--------+--------+--------+--------+--------+-----+--------+
         Total |   1599 |   1536 |     63 |      0 |   1357 |   2 |  799.5 |
       Dungeon |   1599 |   1536 |     63 |      0 |   1357 |   2 |  799.5 |
               +--------+--------+--------+--------+--------+-----+--------+

Top non-repeatable levels by time:
     D:1: 1218 daAuts
     D:2: 380 daAuts
